 Dungeon Crawl Stone Soup version 0.29-a0-598-gd8304a5bf4 (console) character file.

Game seed: 3559105634799688693

355 om the Chopper (level 6, -5/52 HPs)
             Began as a Minotaur Fighter on June 15, 2022.
             Slain by a gnoll
             ... wielding a +0 flail
             ... led by a gnoll sergeant
              (9 damage)
             ... on level 5 of the Dungeon.
             The game lasted 00:04:34 (3051 turns).

om the Chopper (Minotaur Fighter)                   Turns: 3051, Time: 00:04:35

Health: -5/52      AC:  8    Str: 20    XL:     6   Next: 36%
Magic:  0/5        EV: 10    Int:  5    God:
Gold:   223        SH:  5    Dex: 12    Spells: 5/5 levels left

rFire   . . .      SeeInvis .   a - +0 war axe
rCold   . . .      Faith    .   c - +0 buckler
rNeg    . . .      Spirit   +   b - +0 scale mail
rPois   +          Reflect  .   (helmet restricted)
rElec   .          Harm     .   (no cloak)
rCorr   .          Rampage  .   k - +0 pair of gloves
Will    .....                   (no boots)
Stlth   ..........              f - amulet of guardian spirit
HPRegen 0.17/turn               h - ring of poison resistance
MPRegen 0.09/turn               (no ring)

@: mighty, brilliant
A: horns 2, retaliatory headbutt
a: no special abilities


You were on level 5 of the Dungeon.
You visited 1 branch of the dungeon, and saw 4 of its levels.

You collected 223 gold pieces.

Inventory:

Hand Weapons
 a - a +0 war axe (weapon)
Armour
 b - a +0 scale mail (worn)
 c - a +0 buckler (worn)
 k - a +0 pair of gloves (worn)
Jewellery
 f - an amulet of guardian spirit (around neck)
 h - a ring of poison resistance (left hand)
Wands
 e - a wand of flame (22)
Scrolls
 j - a scroll of teleportation
 m - a scroll of enchant weapon
Potions
 i - 3 potions of curing


   Skills:
 - Level 4.0 Fighting
 * Level 6.1 Axes
 - Level 4.0 Armour
 - Level 4.0 Dodging
 - Level 4.0 Shields


You had 5 spell levels left.
You didn't know any spells.
Your spell library contained the following spells:

 Spells                   Type           Power      Damage    Failure   Level
 Slow                     Hex            0%         N/A       89%         1
 Confusing Touch          Hex            0%         N/A       99%         3
 Ignite Poison            Fire/Tmut/Pois 0%         N/A       99%         3
 Mephitic Cloud           Conj/Pois/Air  0%         N/A       99%         3
 Vampiric Draining        Necr           0%         2d6       99%         3
 Leda's Liquefaction      Hex/Erth       0%         N/A       100%        4
 Borgnjor's Vile Clutch   Necr/Erth      0%         N/A       100%        5
 Freezing Cloud           Conj/Ice/Air   0%         6-21      100%        5
 Manifold Assault         Tloc           0%         N/A       100%        5


Dungeon Overview and Level Annotations

Branches:
Dungeon (5/15)             Temple (0/1) D:5

Altars:


Innate Abilities, Weirdness & Mutations

You have a pair of horns on your head.
You reflexively headbutt those who attack you in melee.


Message History

The gnoll sergeant is lightly wounded.
You block the gnoll's attack.
A gnoll comes into view. It is wielding a +0 flail.
The gnoll shouts!
The gnoll hits you from afar with a +0 spear.
The gnoll sergeant hits you with a +0 spear.
The gnoll moves out of view.
You hit the gnoll sergeant.
The gnoll sergeant is lightly wounded.
You barely miss the gnoll. The gnoll barely misses you.
The gnoll sergeant hits you with a +0 spear!
The gnoll closely misses you. You block the gnoll's attack.
You slash the gnoll sergeant!
The gnoll sergeant is heavily wounded.
You closely miss the gnoll. You completely miss the gnoll.
You block the gnoll's attack.
The gnoll sergeant hits you with a +0 spear.
The gnoll hits you with a +0 halberd.
Okay, then.
Okay, then.
It was a potion of brilliance.
You feel clever all of a sudden. The gnoll barely misses you.
The gnoll sergeant barely misses you. You furiously retaliate!
You headbutt the gnoll sergeant. You block the gnoll's attack.
The gnoll closely misses you.
It was a potion of magic.
Magic courses through your body. The gnoll barely misses you.
The gnoll sergeant hits you with a +0 spear.
* * * LOW HITPOINT WARNING * * *
The gnoll misses you. The gnoll barely misses you. You furiously retaliate!
You headbutt the gnoll! The gnoll hits you with a +0 flail.
* * * LOW HITPOINT WARNING * * *
You feel better.
The gnoll hits you from afar with a +0 spear.
The gnoll sergeant hits you with a +0 spear!
* * * LOW HITPOINT WARNING * * *
You block the gnoll's attack. The gnoll hits you with a +0 flail.
* * * LOW HITPOINT WARNING * * *
The gnoll closely misses you. You furiously retaliate!
You headbutt the gnoll!
You feel very mighty all of a sudden. You block the gnoll's attack.
The gnoll sergeant hits you with a +0 spear.
* * * LOW HITPOINT WARNING * * *
The gnoll barely misses you. x2; The gnoll hits you with a +0 flail!
You die...

##...##. #.......
#...... #.....##
###.....# .
##.......# ...
###........## #...#
###.#........g#...#
..#..(.......@g..#
............gg#g....#
........≈.....# ...##
..<#...≈≈≈...## ....
####..≈≈♣≈...# #.#
#.....†≈≈P..... .
###+###..≈........
#.....#..)........
###.###.#.=.........
#.'.'>#.'............
...!. .
#.#.###.#.......#....
...#.# .


You could see a gnoll sergeant and 4 gnolls.

Vanquished Creatures
  A scorpion (D:5)
  A hound (D:5)
  A jelly (D:5)
  2 orc priests (D:2)
  Jessica (D:3)
  6 adders
  3 gnolls (D:2)
  2 worms (D:2)
  8 orcs
  3 endoplasms
  4 giant cockroaches
  5 goblins
  2 hobgoblins
  4 kobolds
  2 quokkas (D:2)
  7 ball pythons
  5 bats
  2 frilled lizards
  5 rats
64 creatures vanquished.

Vanquished Creatures (others)
  A plant (D:5)
1 creature vanquished.

Grand Total: 65 creatures vanquished

Notes
Turn   | Place    | Note
-------+----------+-------------------------------------------
     0 | D:1      | om the Minotaur Fighter began the quest for the Orb.
     0 | D:1      | Reached XP level 1. HP: 19/19 MP: 0/0
    86 | D:1      | Got the Catalogue of Earthen Displacement
   404 | D:1      | Reached XP level 2. HP: 27/27 MP: 1/1
   509 | D:1      | Reached skill level 1 in Dodging
   791 | D:2      | Reached skill level 3 in Axes
   819 | D:2      | Reached XP level 3. HP: 33/33 MP: 2/2
  1311 | D:2      | Reached XP level 4. HP: 40/40 MP: 3/3
  1514 | D:2      | Reached skill level 4 in Axes
  1788 | D:2      | Reached XP level 5. HP: 41/46 MP: 2/4
  2588 | D:3      | Noticed Jessica
  2597 | D:3      | Killed Jessica
  2712 | D:3      | You fall into a shaft and drop 2 floors!
  2712 | D:5      | Entered Level 5 of the Dungeon
  2757 | D:5      | Reached skill level 5 in Axes
  2759 | D:5      | Reached XP level 6. HP: 38/52 MP: 3/5
  2872 | D:5      | Found a staircase to the Ecumenical Temple.
  3031 | D:5      | Reached skill level 6 in Axes
  3051 | D:5      | Slain by a gnoll

Illustrated notes

Levels and vault maps discovered:
D:1:      wander_arrival_peaceful_grave, layout_basic, skrybe_limestone_x,
          minmay_misc_feat_doors, chequers_avenue
D:2:      layout_loops_ring
D:3:      layout_rooms, nicolae_figureground_pulse, uniq_jessica
D:5:      layout_cave_pools, minmay_temple_entry_glassed_door,
          gup_sewer_entry_glass, serial_bayou_pond_d

Skill      XL: |  1  2  3  4  5  6 |
---------------+-------------------+-----
Dodging        | 1 2 3 4 |  4.0
Axes           | 3 4 5 6 |  6.1
Fighting       | 4 |  4.0
Armour         | 4 |  4.0
Shields        | 4 |  4.0

Action                   |  1- 3 |  4- 6 || total
-------------------------+-------+-------++-------
Melee: War axe           |    61 |   101 ||   162
       Headbutt          |     6 |    14 ||    20
  Use: Scroll            |     1 |     7 ||     8
       Potion            |       |     4 ||     4
Armor: Scale mail        |    34 |    40 ||    74
Dodge: Dodged            |    27 |    67 ||    94
Block: Buckler           |    20 |    32 ||    52

Table legend: (Time is in decaauts)
 A = Elapsed time spent in this place.
 B = Non-inter-level travel time spent in this place.
 C = Inter-level travel time spent in this place.
 D = Time resting spent in this place.
 E = Time spent auto-exploring this place.
 F = Levels seen in this place.
 G = Mean time per level.
                   A        B        C        D        E       F      G
               +--------+--------+--------+--------+--------+-----+--------+
         Total |   3109 |   3012 |     97 |    246 |   2183 |   4 |  777.2 |
       Dungeon |   3109 |   3012 |     97 |    246 |   2183 |   4 |  777.2 |
               +--------+--------+--------+--------+--------+-----+--------+

Top non-repeatable levels by time:
     D:2: 1335 daAuts
     D:1: 795 daAuts
     D:3: 627 daAuts
     D:5: 351 daAuts
